 Dungeon Crawl Stone Soup version 0.31-a0-803-g95b03c3367 (webtiles) character file.

Game seed: 16887888796041190702

107888 Joey1 the Severer (level 16, -1/148 (149) HPs)
             Began as a Minotaur Fighter on Sept 20, 2023.
             Was the Champion of Okawaru.
             Slain by a pharaoh ant (33 damage)
             ... on level 2 of the Spider Nest.
             The game lasted 01:15:09 (26276 turns).

Joey1 the Severer (Minotaur Fighter)               Turns: 26276, Time: 01:15:09

HP:   -1/148 (149)  AC:  0    Str: 30    XL:     16   Next: 1%
MP:   31/31         EV: 21    Int:  7    God:    Okawaru [******]
Gold: 693           SH: 24    Dex: 12    Spells: 15/15 levels left

rFire   . . .        d - +6 broad axe
rCold   + . .        R - +6 tower shield
rNeg    . . .        o - +2 ring mail {Will+}
rPois   +            (helmet restricted)
rElec   .            B - +0 cloak
rCorr   .            Y - +1 pair of gloves of the Imp {rC+ MP+9 Str+5}
SInv    .            M - +0 pair of boots
Will    ++...        g - amulet of regeneration
Stlth   +            m - +5 ring of evasion
HPRegen 1.24/turn    P - ring of poison resistance
MPRegen 0.22/turn

%: no passive effects
@: lethally poisoned (-1 -> -23), corroded, hasted, studying Dodging, lightly
drained, very quick
A: horns 2, retaliatory headbutt
a: Renounce Religion, Heroism, Finesse, Duel


You were on level 2 of the Spider Nest.
You worshipped Okawaru.
Okawaru was exalted by your worship.
You visited 4 branches of the dungeon, and saw 22 of its levels.
You also visited: Ossuary and Bailey.

You collected 1772 gold pieces.
You spent 1079 gold pieces at shops.

Inventory:

Hand Weapons
 d - a +6 broad axe (weapon)
 l - a +4 broad axe of holy wrath
 N - a +2 morningstar of protection
Missiles
 b - 7 throwing nets
 c - 30 javelins
 e - 5 silver javelins
 X - 2 darts of dispersal
Armour
 o - a +2 ring mail of willpower (worn)
 B - a +0 cloak (worn)
 K - the +2 hat "Hierr" {Str+2 Int-5 Slay+6}
   (Okawaru gifted it to you on level 14 of the Dungeon)

   Str+2:     It affects your strength (+2).
   Int-5:     It affects your intelligence (-5).
   Slay+6:    It affects your accuracy & damage with ranged weapons and melee
   (+6).
 M - a +0 pair of boots (worn)
 R - a +6 tower shield (worn)
 U - the +0 pair of boots "Ceolie" {rPois rN++ Str+2 Int-5}
   (You found it on level 4 of the Lair of Beasts)

   Str+2:     It affects your strength (+2).
   Int-5:     It affects your intelligence (-5).
   rPois:     It protects you from poison rN++: It greatly protects you from
   negative energy.
 Y - the +1 pair of gloves of the Imp (worn) {rC+ MP+9 Str+5}
   (You found it on level 5 of the Lair of Beasts)

   Str+5:     It affects your strength (+5).
   rC+:       It protects you from cold.
   MP+9:      It affects your magic capacity (+9).
Jewellery
 g - an amulet of regeneration (around neck)
 m - a +5 ring of evasion (left hand)
 y - an amulet of faith
 z - a ring of protection from fire
 D - a ring of see invisible
 E - a ring of ice
 O - a ring of positive energy
 P - a ring of poison resistance (right hand)
 Q - a ring of resist corrosion
Wands
 j - a wand of quicksilver (16)
 C - a wand of flame (3)
 H - a wand of mindburst (5)
 L - a wand of polymorph (20)
 S - a wand of paralysis (6)
Scrolls
 a - 2 scrolls of amnesia {unknown}
 f - 5 scrolls of revelation
 i - a scroll of vulnerability
 n - 10 scrolls of teleportation
 t - 2 scrolls of fog
 w - a scroll of poison
 F - a scroll of silence
 T - 2 scrolls of acquirement
 V - 2 scrolls of fear
 W - a scroll of enchant weapon
 Z - 2 scrolls of immolation {unknown}
Potions
 h - 2 potions of brilliance {unknown}
 k - 6 potions of enlightenment
 p - 3 potions of lignification
 q - a potion of heal wounds
 r - 9 potions of mutation
 s - 3 potions of ambrosia
 u - 2 potions of berserk rage
 v - 2 potions of haste
 x - 6 potions of curing
 A - 4 potions of invisibility
 G - 2 potions of attraction
 I - 10 potions of might
 J - a potion of cancellation {unknown}


   Skills:
 - Level 15.0 Fighting
 - Level 18.0 Axes
 + Level 11.5 Armour
 + Level 14.3 Dodging
 - Level 15.0 Shields
 - Level 10.0 Invocations
 - Level 8.0 Evocations


You had 15 spell levels left.
You didn't know any spells.
Your spell library contained the following spells:

 Spells                   Type           Power      Damage    Failure   Level
 Kiss of Death            Conj/Necr      0%         2d5       78%         1
 Magic Dart               Conj           0%         1d3       78%         1
 Blink                    Tloc           0%         N/A       89%         2
 Lesser Beckoning         Tloc           0%         N/A       89%         2
 Momentum Strike          Conj/Tloc      0%         3d8       89%         2
 Poisonous Vapours        Pois/Air       0%         N/A       89%         2
 Searing Ray              Conj           0%         2d4       89%         2
 Confusing Touch          Hex            0%         N/A       98%         3
 Frozen Ramparts          Ice            0%         1d1       98%         3
 Gell's Gravitas          Tloc           0%         N/A       98%         3
 Mephitic Cloud           Conj/Pois/Air  0%         N/A       98%         3
 Ozocubu's Armour         Ice            0%         N/A       98%         3
 Sigil of Binding         Hex            0%         N/A       98%         3
 Stone Arrow              Conj/Erth      0%         3d7       98%         3
 Teleport Other           Tloc           0%         N/A       98%         3
 Dimensional Bullseye     Hex/Tloc       0%         N/A       100%        4
 Dispel Undead            Necr           0%         3d6       100%        4
 Fulminant Prism          Conj/Hex       0%         3d5       100%        4
 Leda's Liquefaction      Hex/Erth       0%         N/A       100%        4
 Passage of Golubria      Tloc           0%         N/A       100%        4
 Petrify                  Tmut/Erth      0%         N/A       100%        4
 Alistair's Intoxication  Tmut/Pois      0%         N/A       100%        5
 Borgnjor's Vile Clutch   Necr/Erth      0%         N/A       100%        5
 Freezing Cloud           Conj/Ice/Air   0%         6-21      100%        5
 Metabolic Englaciation   Hex/Ice        0%         N/A       100%        5
 Silence                  Hex/Air        0%         N/A       100%        5
 Eringya's Noxious Bog    Tmut/Pois      0%         4d6       100%        6
 Orb of Destruction       Conj           0%         9d5       100%        7
 Lehudib's Crystal Spear  Conj/Erth      0%         10d2      100%        8
 Call Canine Familiar     Summ           Unusable   N/A       N/A         3
 Summon Guardian Golem    Hex/Summ       Unusable   N/A       N/A         3
 Animate Armour           Summ/Erth      Unusable   N/A       N/A         4
 Summon Forest            Summ/Tloc      Unusable   N/A       N/A         5
 Simulacrum               Ice/Necr       Unusable   N/A       N/A         6
 Spellforged Servitor     Conj/Summ      Unusable   N/A       N/A         7
 Summon Hydra             Summ           Unusable   N/A       N/A         7

Dungeon Overview and Level Annotations

Branches:
Dungeon (14/15)            Temple (1/1) D:6            Lair (5/5) D:8
 Shoals (0/4) Lair:3       Spider (2/4) Lair:3        Slime (0/5) Lair:4
    Orc (0/2) D:12         Vaults (0/5) D:14        Ossuary (visited)
 Bailey (visited)

Altars:
Ashenzari
Cheibriados
Dithmenos
Elyvilon
Fedhas
Gozag
Hepliaklqana
Kikubaaqudgha
Makhleb
Nemelex Xobeh
Okawaru
Qazlal
Ru
Sif Muna
Trog
Uskayaw
Vehumet
Wu Jian
Xom
Yredelemnul
Zin
The Shining One

Shops:
D:3 (   D:5 ?   D:10 ?


Innate Abilities, Weirdness & Mutations

You have a pair of horns on your head.
You reflexively headbutt those who attack you in melee.


Message History

You feel better.
The pharaoh ant gives a chilling moan.
You hear a skittering sound.
You block the redback's attack. The redback bites you.
* * * LOW HITPOINT WARNING * * *
You block the redback's attack. The tarantella touches you!
* * * LOW HITPOINT WARNING * * *
The redback bites you!
* * * LOW HITPOINT WARNING * * *
Okay, then.
You feel yourself speed up. You block the redback's attack. x2
The tarantella touches you!
* * * LOW HITPOINT WARNING * * *
You are confused.
The redback completely misses you. The redback barely misses you.
The redback completely misses you. The tarantella completely misses you.
You feel much better. The redback completely misses you.
The redback misses you. The redback bites you.
* * * LOW HITPOINT WARNING * * *
You feel much better. The tarantella touches you.
* * * LOW HITPOINT WARNING * * *
The redback barely misses you. The redback misses you.
The redback barely misses you.
You feel better.
The wolf spider's many legs skitter.
The tarantella closely misses you. You block the redback's attack.
You block the pharaoh ant's attack.
The entropy weaver casts a spell at you.
The entropic weave corrodes you! You block the redback's attack.
The redback bites you!
* * * LOW HITPOINT WARNING * * *
You are poisoned.
The redback poisons you!
As you read the scroll of fear, it crumbles to dust.
You assume a fearsome visage.
The entropy weaver looks frightened!
The tarantella looks frightened!
The redback looks frightened! x2
The entropy weaver looks frightened!
The redback looks frightened!
The pharaoh ant is unaffected.
The wolf spider looks frightened!
You feel very sick. The pharaoh ant bites you!!
You die...

#≈≈##≈#........†#..#[.. ##
#...#........†..^..
##.....#.....#...#.
#............#^....
#.......#...^....#. #
###..................
##.#......#.......#.....
#...}sss^....#.##.#..#.#
...^....B.@B...............
.....<..B#s#..#.s.....#.^#.
^#..^.!...#.......##.....#
#.......>........ .......#
.............#.... ......○
..........#....#^. .......
....##.##.....<# . .>..^^.
## ##........# ...#..#
##.......#


You could see 2 entropy weavers, a wolf spider (fleeing), a pharaoh ant, a
tarantella (fleeing) and 3 redbacks.

Vanquished Creatures
  Kirke (Lair:5)
  A ghost moth (Spider:1)
  A broodmother (Spider:1)
  A vampire knight (D:14)
  A spark wasp (Spider:1)
  An entropy weaver (Lair:3)
  Fannar (Lair:3)
  The ghost of particleface the Fighter, a journeyman FoRe of Okawaru (Lair:2)
  A rakshasa (D:14)
  Erolcha (D:11)
  2 hydras (Lair:5)
  An ogre mage (D:14)
  4 vault guards
  A catoblepas (D:14)
  8 boulder beetles
  11 centaur warriors
  4 two-headed ogres
  2 tengu warriors (D:14)
  6 demonic crawlers
  A skyshark (Lair:5)
  3 pharaoh ants
  A goliath frog (Lair:5)
  Amaemon (Lair:3)
  A skeletal warrior (D:14)
  A flayed ghost (D:14)
  2 orb spiders (Spider:1)
  4 wizards (D:14)
  2 deep elf archers
  A necromancer (D:14)
  Pikel (D:8)
  A steelbarb worm (Spider:1)
  An orc knight (D:12)
  7 deep elf pyromancers
  An oklob plant (Lair:4)
  7 wolf spiders
  7 cyclopes
  6 ugly things
  2 manticores
  A moth of wrath (Spider:2)
  A black mamba (Lair:4)
  3 elephants (Lair:5)
  An orange demon (Lair:3)
  6 gargoyles
  18 cane toads
  An unseen horror (D:11)
  4 torpor snails
  6 komodo dragons
  2 rime drakes (Lair:5)
  An unseen horror (shapeshifter) (D:14)
  A tengu conjurer (D:14)
  A troll (shapeshifter) (D:14)
  A polar bear (Lair:2)
  3 trolls
  A hornet (D:9)
  Prince Ribbit (D:5)
  A tyrant leech (Lair:5)
  A hornet (shapeshifter) (D:14)
  16 tarantellas
  A meliai (Spider:1)
  A snapping turtle (Lair:3)
  A blink frog (shapeshifter) (D:13)
  16 blink frogs
  13 dream sheep
  15 jumping spiders
  A culicivora (shapeshifter) (D:14)
  A slime creature (D:14)
  9 culicivoras
  A centaur simulacrum (D:14)
  A shadow (D:11)
  9 wyverns
  Sigmund (D:3)
  3 wraiths
  Eustachio (D:6)
  4 hogs (Lair:5)
  2 basilisks
  58 yaks
  15 redbacks
  23 humans
  A steam dragon (D:8)
  Menkaure (Ossuary)
  14 vampire mosquitoes
  12 water moccasins
  An acid dragon (D:14)
  18 orc warriors
  4 black bears
  A sky beast (D:8)
  An ice beast (D:7)
  An ogre (D:6)
  19 centaurs
  9 wolves (Lair:2)
  4 lemures (D:8)
  3 kobold brigands
  32 bullfrogs
  A gnoll sergeant (D:8)
  4 scorpions
  9 wights
  4 killer bees (D:9)
  8 howler monkeys
  4 electric eels
  2 lava snakes (D:8)
  4 orc priests
  A hound (D:5)
  3 jellies
  A gnoll bouda (D:10)
  6 hell rats (Lair:4)
  An iguana (D:6)
  8 orc wizards
  4 mummies
  20 gnolls
  An ufetubus (D:3)
  A worm (D:4)
  5 dart slugs
  46 orcs
  3 endoplasms (D:4)
  5 giant cockroaches
  15 goblins
  10 hobgoblins
  A quokka (D:1)
  8 ball pythons
  7 bats
  2 frilled lizards (D:1)
  5 gnoll skeletons (Ossuary)
  4 gnoll zombies (Ossuary)
  2 goblin skeletons (Ossuary)
  3 goblin zombies (Ossuary)
  A hobgoblin skeleton (Ossuary)
  3 hobgoblin zombies (Ossuary)
  19 kobolds
  6 kobold skeletons (Ossuary)
  A kobold zombie (Ossuary)
  4 orc skeletons (Ossuary)
  9 orc zombies (Ossuary)
  5 rats
  7 rat skeletons (Ossuary)
  5 rat zombies (Ossuary)
724 creatures vanquished.

Vanquished Creatures (others)
  A deep elf knight (D:12)
  An orb spider (Spider:1)
  A wizard (D:14)
  A yaktaur (shapeshifter) (D:14)
  A tengu conjurer (D:14)
  2 howler monkeys (D:7)
7 creatures vanquished.

Grand Total: 731 creatures vanquished

Notes
Turn   | Place    | Note
-------+----------+-------------------------------------------
     0 | D:1      | Joey1 the Minotaur Fighter began the quest for the Orb.
     0 | D:1      | Reached XP level 1. HP: 19/19 MP: 0/0
     9 | D:1      | Noticed a minotaur zombie
    17 | D:1      | Noticed a minotaur zombie
    21 | D:1      | Noticed a merfolk zombie
   114 | D:1      | Reached XP level 2. HP: 27/27 MP: 1/1
   202 | D:1      | Reached skill level 3 in Axes
   407 | D:1      | Reached skill level 1 in Dodging
   680 | D:2      | Reached XP level 3. HP: 33/33 MP: 2/2
  1110 | D:3      | Found Ephy's Antique Weapon Shop.
  1572 | D:3      | Noticed Sigmund
  1631 | D:3      | Killed Sigmund
  1632 | D:3      | Reached skill level 4 in Axes
  1632 | D:3      | Reached XP level 4. HP: 34/41 MP: 1/3
  1632 | D:3      | Reached XP level 5. HP: 39/47 MP: 1/4
  1675 | D:4      | Found a sand-covered staircase.
  1684 | Ossuary  | Entered an ossuary
  1826 | Ossuary  | Reached skill level 5 in Axes
  2012 | Ossuary  | Noticed Menkaure
  2017 | Ossuary  | Killed Menkaure
  2018 | Ossuary  | Reached skill level 5 in Fighting
  2018 | Ossuary  | Reached skill level 5 in Shields
  2018 | Ossuary  | Reached XP level 6. HP: 33/56 MP: 2/5
  2027 | Ossuary  | Reached skill level 6 in Axes
  2427 | D:4      | You fall into a shaft and drop 3 floors!
  2452 | D:7      | Reached skill level 7 in Axes
  2452 | D:7      | Reached XP level 7. HP: 60/61 MP: 6/6
  2485 | D:7      | Reached skill level 8 in Axes
  2558 | D:7      | Found a flagged portal.
  2575 | Bailey   | Entered a bailey
  2580 | Bailey   | Noticed a human
  2580 | Bailey   | Noticed a human
  2588 | Bailey   | Killed a human
  2588 | Bailey   | Killed a human
  2589 | Bailey   | Reached skill level 10 in Axes
  2589 | Bailey   | Reached XP level 8. HP: 48/68 MP: 3/7
  2612 | Bailey   | Reached skill level 11 in Axes
  2859 | Bailey   | Noticed a blink frog
  2865 | Bailey   | Reached skill level 12 in Axes
  2964 | Bailey   | Killed a blink frog
  3017 | Bailey   | Noticed a vault guard
  3087 | Bailey   | Killed a vault guard
  3088 | Bailey   | Reached skill level 13 in Axes
  3088 | Bailey   | Reached XP level 9. HP: 51/74 MP: 3/8
  3280 | Bailey   | Noticed a vault guard
  3327 | Bailey   | Killed a vault guard
  3328 | Bailey   | Reached skill level 14 in Axes
  3560 | D:6      | Found a blossoming altar of Fedhas.
  3560 | D:6      | Found a basalt altar of Yredelemnul.
  3578 | D:6      | Reached skill level 15 in Axes
  3706 | D:6      | Noticed Eustachio
  3745 | D:6      | Killed Eustachio
  3824 | D:6      | Found a staircase to the Ecumenical Temple.
  3833 | Temple   | Entered the Ecumenical Temple
  3847 | Temple   | Became a worshipper of Warmaster Okawaru
  3987 | D:6      | Reached XP level 10. HP: 81/81 MP: 7/9
  3993 | D:6      | Reached skill level 16 in Axes
  4150 | D:5      | Entered Level 5 of the Dungeon
  4290 | D:4      | Reached skill level 1 in Invocations
  4493 | D:3      | Found Ephy's Antique Weapon Shop.
  6063 | D:4      | Found a white marble altar of Elyvilon.
  6534 | D:5      | Found Tyazaney's Magic Scroll Boutique.
  6545 | D:5      | Bought a scroll of identify for 24 gold pieces
  6545 | D:5      | Bought a scroll of identify for 24 gold pieces
  6545 | D:5      | Bought a scroll of identify for 24 gold pieces
  6545 | D:5      | Bought a scroll of identify for 24 gold pieces
  6545 | D:5      | Bought a scroll of identify for 24 gold pieces
  6545 | D:5      | Bought a scroll of teleportation for 36 gold pieces
  6545 | D:5      | Bought a scroll of blinking for 90 gold pieces
  6713 | D:5      | Noticed Prince Ribbit
  6728 | D:5      | Killed Prince Ribbit
  6799 | D:5      | Found a sacrificial altar of Ru.
  6800 | D:5      | Found a hazy altar of Hepliaklqana.
  6808 | D:5      | Reached * piety under Okawaru
  7602 | D:7      | Found a snail-covered altar of Cheibriados.
  7692 | D:8      | Found a staircase to the Lair.
  8209 | D:8      | Reached ** piety under Okawaru
  8311 | D:8      | Reached skill level 5 in Invocations
  8316 | D:8      | Found an ancient bone altar of Kikubaaqudgha.
  8751 | D:8      | Found a broken altar of Ashenzari.
  8983 | D:8      | Noticed a gargoyle
  8983 | D:8      | Noticed a gargoyle
  8986 | D:8      | Noticed a gargoyle
  8988 | D:8      | Killed a gargoyle
  8989 | D:8      | Reached XP level 11. HP: 72/97 MP: 14/14
  9302 | D:8      | Reached *** piety under Okawaru
  9852 | D:8      | Found a staircase to the Lair.
 10039 | D:8      | Noticed Pikel
 10046 | D:8      | Killed Pikel
 10047 | D:8      | Reached skill level 10 in Fighting
 10117 | D:8      | Found an ancient bone altar of Kikubaaqudgha.
 10329 | D:8      | Found a broken altar of Ashenzari.
 10589 | Lair:1   | Entered Level 1 of the Lair of Beasts
 10805 | D:8      | Reached **** piety under Okawaru
 11588 | Lair:1   | Reached skill level 17 in Axes
 12282 | Lair:2   | Reached ***** piety under Okawaru
 12703 | Lair:2   | Reached skill level 18 in Axes
 12745 | Lair:2   | Reached skill level 1 in Evocations
 12771 | Lair:2   | Reached XP level 12. HP: 85/106 MP: 17/17
 13007 | Lair:2   | Received a gift from Okawaru
 13769 | Lair:2   | Found a large runed translucent door.
 13770 | Lair:2   | Found a large runed translucent door.
 13771 | Lair:2   | Noticed particleface's ghost (journeyman FoRe)
 14371 | Lair:3   | You fall into a shaft and drop 2 floors!
 14371 | Lair:5   | Entered Level 5 of the Lair of Beasts
 14413 | Lair:5   | Reached skill level 10 in Shields
 14424 | Lair:5   | Noticed an eight-headed hydra
 14739 | Lair:3   | Received a gift from Okawaru
 14962 | Lair:3   | Noticed Amaemon
 15075 | Lair:3   | Found a staircase to the Shoals.
 15211 | Lair:3   | Noticed Fannar
 15230 | Lair:3   | Killed Fannar
 15360 | Lair:3   | Found a hole to the Spider Nest.
 15631 | Lair:4   | Found a staircase to the Slime Pits.
 16018 | Lair:4   | Reached XP level 13. HP: 108/113 MP: 18/18
 16081 | Lair:4   | Received a gift from Okawaru
 16175 | Lair:4   | Identified the +0 pair of boots "Ceolie" {rPois rN++ Str+2
                  | Int-5}
 16731 | Lair:5   | Reached skill level 15 in Shields
 16883 | Lair:5   | Received a gift from Okawaru
 16893 | Lair:5   | Noticed Kirke
 17605 | Lair:5   | Killed Kirke
 17605 | Lair:5   | Received a gift from Okawaru
 18116 | Lair:5   | Identified the +1 pair of gloves of the Imp {rC+ MP+9
                  | Str+5}
 18680 | Lair:3   | Killed Amaemon
 18846 | Lair:2   | Killed particleface's ghost
 18847 | Lair:2   | Reached skill level 5 in Evocations
 19068 | D:9      | Identified a scroll of acquirement
 19431 | D:9      | Found a shadowy altar of Dithmenos.
 19476 | D:10     | Entered Level 10 of the Dungeon
 19553 | D:10     | Reached skill level 10 in Invocations
 19693 | D:10     | Reached XP level 14. HP: 125/125 MP: 20/20
 19924 | D:10     | Found Ublat's Magic Scroll Shop.
 19932 | D:10     | Bought a scroll of enchant armour for 105 gold pieces
 19932 | D:10     | Bought a scroll of acquirement for 728 gold pieces
 20014 | D:11     | Noticed Erolcha
 20107 | D:11     | Killed Erolcha
 20107 | D:11     | Received a gift from Okawaru
 21061 | D:12     | Found a staircase to the Orcish Mines.
 21376 | D:12     | Reached ****** piety under Okawaru
 21679 | D:12     | Found an iron altar of Okawaru.
 21720 | D:12     | Identified the +8 quarterstaff "Poarufiv" {freeze, *Slow
                  | rElec rC+}
 21732 | D:12     | Found the sphere of Battle
 21862 | D:12     | Identified the +1 scimitar of Tension {heavy, Str+3 Dex+3
                  | Stlth+}
 21971 | D:12     | Received a gift from Okawaru
 22512 | D:13     | Found a glowing silver altar of Zin.
 22512 | D:13     | Noticed an angel
 23041 | D:14     | Received a gift from Okawaru
 23047 | D:14     | Acquired the +2 hat "Hierr" {Str+2 Int-5 Slay+6}
 23047 | D:14     | Received a gift from Okawaru
 23048 | D:14     | Acquired a +4 broad axe of holy wrath
 23048 | D:14     | Received a gift from Okawaru
 23121 | D:14     | Reached skill level 15 in Fighting
 23154 | D:14     | Found a gate to the Vaults.
 23245 | D:14     | Reached skill level 5 in Dodging
 23249 | D:14     | Reached skill level 5 in Armour
 23433 | D:14     | Received a gift from Okawaru
 23445 | D:14     | Reached XP level 15. HP: 139/141 MP: 21/21
 23628 | D:14     | Received a gift from Okawaru
 23860 | D:14     | Reached skill level 10 in Dodging
 24578 | D:14     | HP: 6/141 [vampire knight/+2 battleaxe of freezing (4)]
 24932 | Spider:1 | Entered Level 1 of the Spider Nest
 25010 | Spider:1 | Received a gift from Okawaru
 25461 | Spider:1 | Reached skill level 10 in Armour
 25579 | Spider:1 | Received a gift from Okawaru
 26153 | Spider:1 | Received a gift from Okawaru
 26194 | Spider:2 | Reached XP level 16. HP: 132/147 MP: 22/22
 26272 | Spider:2 | HP: 5/148 [tarantella (14)]
 26276 | Spider:2 | Slain by a pharaoh ant

Illustrated notes

Levels and vault maps discovered:
D:1:      shiori_arrival_whats_in_store_for_you, layout_basic
D:2:      layout_loops_corners
D:3:      layout_basic, serial_shops, shop, uniq_sigmund
D:4:      layout_cave_pools, lemuel_doored_altar, gup_ossuary_entry_pyramid,
          chequers_avenue
D:5:      layout_basic, gammafunk_temple_overflow_pools, serial_shops, shop,
          uniq_prince_ribbit1
D:6:      layout_basic, jmf_multi_god_temple,
          minmay_temple_entry_gardened_gates, uniq_eustachio
D:7:      layout_rooms, mainiacjoe_overflow_brackets, enter_bailey_7,
          lemuel_flame_loot_1
D:8:      cheibrodos_statue_roulette, layout_loops_ring,
          kiku_gazebo_garden_becter, evilmike_ruin_ashenzari,
          minmay_lair_entry_grove, amcnicky_mini_pool_medium, uniq_pikel
D:9:      layout_rooms, lemuel_round_altar
D:10:     layout_cave_pools, serial_shops, shop_fountains
D:11:     layout_roguey, uniq_erolcha
D:12:     evilmike_iron_armoury, layout_basic, hiddenorc1_lemuel,
          kennysheep_generic_room_3
D:13:     layout_rooms, zin_angel
D:14:     nzn_winding_woodlands_stair_trap
          [nzn_winding_woodlands_5x15_split_checker,
          nzn_winding_woodlands_5x15_longhouse,
          nzn_winding_woodlands_5x15_parted,
          nzn_winding_woodlands_15x15_killbox,
          nzn_winding_woodlands_5x15_sidewinder,
          nzn_winding_woodlands_5x15_zeroes,
          nzn_winding_woodlands_5x15_crooked], layout_basic,
          grunt_vaults_entry_tiered, chequers_serial_rivers_micro_e
Temple:   nicolae_temple_god_jail
Lair:1:   statuecave_lemuel, layout_regular_city
Lair:2:   layout_hall_layers, ebering_ghost_disaster_area,
          infiniplex_staircase_pool
Lair:3:   layout_big_grid, minmay_shoals_entry_hut,
          nicolae_spider_entry_lesser_pyramids,
          grunt_forest_small_clearing_treed, lemuel_fruit_tree,
          grunt_megastairs_3, uniq_amaemon, uniq_fannar
Lair:4:   layout_cave_pods, slime_entry_1, minmay_lair_oklob_items,
          infiniplex_staircase_pool_2
Lair:5:   minmay_lair_end_frog_pond, layout_concentric_octagons,
          grunt_megastairs_5, serial_bayou_shore_b, uniq_kirke
Spider:1: nicolae_spider_mines_1
Spider:2: layout_spider_delve, nicolae_spider_not_touching_you

Skill      XL: |  1  2  3  4  5  6  7  8  9 10 11 12 13 14 15 |
---------------+----------------------------------------------+-----
Axes           | 3 4 5 7 10 13 15 16 18 | 18.0
Dodging        | 1 2 3 6 14 | 14.3
Fighting       | 4 5 9 10 11 15 | 15.0
Shields        | 4 5 13 15 | 15.0
Invocations    | 6 8 10 | 10.0
Evocations     | 1 2 5 8 |  8.0
Armour         | 5 11 | 11.5

Action                     |  1- 3 |  4- 6 |  7- 9 | 10-12 | 13-15 | 16-18 || total
---------------------------+-------+-------+-------+-------+-------+-------++-------
  Melee: War axe           |   107 |   115 |    45 |       |       |       ||   267
         Headbutt          |    11 |    16 |    25 |   157 |   256 |     5 ||   470
         Hand axe          |       |       |    55 |       |       |       ||    55
         Broad axe         |       |       |    60 |   730 |  1105 |    13 ||  1908
         Morningstar       |       |       |       |       |    14 |       ||    14
 Invoke: Heroism           |       |       |       |     2 |     4 |       ||     6
         Finesse           |       |       |       |     1 |     1 |       ||     2
         Receive Weapon    |       |       |       |       |     1 |       ||     1
         Receive Armour    |       |       |       |       |     1 |       ||     1
  Evoke: Wand              |       |       |       |       |     6 |       ||     6
    Use: Scroll            |       |       |     5 |    23 |    17 |     1 ||    46
         Potion            |       |       |     2 |       |     4 |     5 ||    11
 Armour: Plate armour      |    95 |    50 |    66 |   359 |   126 |       ||   696
         Ring mail         |     1 |       |       |       |   312 |    25 ||   338
         Skin              |       |       |    14 |       |       |       ||    14
         Fire dragon scale |       |       |       |     9 |       |       ||     9
  Dodge: Dodged            |    45 |    47 |    70 |   276 |   423 |    20 ||   881
  Block: Buckler           |    27 |    23 |    27 |   109 |       |       ||   186
         Tower shield      |       |       |       |   132 |  1271 |    20 ||  1423

Table legend: (Time is in decaauts)
 A = Elapsed time spent in this place.
 B = Non-inter-level travel time spent in this place.
 C = Inter-level travel time spent in this place.
 D = Time resting spent in this place.
 E = Time spent auto-exploring this place.
 F = Levels seen in this place.
 G = Mean time per level.
                   A        B        C        D        E       F      G
               +--------+--------+--------+--------+--------+-----+--------+
         Total |  26064 |  24769 |   1295 |   4716 |  13576 |  24 | 1086.0 |
       Dungeon |  15606 |  14833 |    773 |   2064 |   9604 |  14 | 1114.7 |
        Temple |     26 |      2 |     24 |      0 |      0 |   1 |   26.0 |
          Lair |   7958 |   7504 |    454 |   2103 |   3345 |   5 | 1591.6 |
   Spider Nest |    928 |    885 |     43 |    165 |    295 |   2 |  464.0 |
       Ossuary |    707 |    707 |      0 |      0 |    331 |   1 |  707.0 |
        Bailey |    836 |    836 |      0 |    384 |      0 |   1 |  836.0 |
               +--------+--------+--------+--------+--------+-----+--------+

Top non-repeatable levels by time:
     D:8: 3325 daAuts
    D:14: 1949 daAuts
  Lair:5: 1797 daAuts
  Lair:3: 1797 daAuts
  Lair:2: 1777 daAuts
     D:3: 1578 daAuts
    D:12: 1462 daAuts
  Lair:4: 1332 daAuts
  Lair:1: 1252 daAuts
     D:7: 1068 daAuts
     D:2: 923 daAuts
     D:6: 916 daAuts
  Bailey: 836 daAuts
    D:11: 821 daAuts
Spider:1: 793 daAuts
